 Dungeon Crawl Stone Soup version 0.17-a0-1763-g847a857 (webtiles) character file.

221 Leibowitz the Shield-Bearer (level 5, -1/45 HPs)
             Began as a Demigod Fighter on Sept 5, 2015.
             Slain by Natasha (8 damage)
             ... on level 4 of the Dungeon.
             The game lasted 00:07:50 (2594 turns).

Leibowitz the Shield-Bearer (Demigod Fighter)       Turns: 2594, Time: 00:07:51

Health: -1/45      AC:  8    Str: 19    XL:     5   Next: 38%
Magic:  7/7        EV:  9    Int: 12    God:
Gold:   199        SH:  9    Dex: 17    Spells: 0 memorised, 4 levels left

rFire  . . .     SeeInvis .     a - +0 long sword
rCold  . . .     Clarity  .     m - +0 ring mail (curse)
rNeg   . . .     SustAt   +     c - +0 shield
rPois  .         Gourm    .     (no helmet)
rElec  .         Spirit   .     d - +0 cloak
rCorr  .         Warding  .     (no gloves)
rMut   .         Stasis   .     q - +0 pair of boots
MR     .....                    (no amulet)
Stlth  +.........               (no ring)
                                (no ring)

@: lethally poisoned (-1 -> -5), flying, not resistant to hostile enchantments,
very unstealthy
A: high mp 1, sustain attributes
a: no special abilities


You were on level 4 of the Dungeon.
You were not hungry.

You visited 1 branch of the dungeon, and saw 4 of its levels.

You collected 199 gold pieces.

Inventory:

Hand weapons
 a - a +0 long sword (weapon)
Missiles
 t - 20 poisoned needles
 u - 8 javelins (quivered)
Armour
 c - a +0 shield (worn)
 d - a +0 cloak (worn)
 m - a cursed +0 ring mail (worn)
 q - a +0 pair of boots (worn)
Magical devices
 i - a wand of random effects (16)
Scrolls
 e - 2 scrolls of magic mapping {unknown}
 h - 4 scrolls of remove curse {unknown}
 k - a scroll of fog {unknown}
 n - a scroll of recharging {unknown}
 o - a scroll of blinking {unknown}
 r - a scroll of teleportation {unknown}
 s - 2 scrolls of enchant weapon {unknown}
 v - a scroll of enchant armour {unknown}
 x - a scroll of identify {unknown}
Potions
 g - a potion of flight
 l - a potion of brilliance {unknown}
 p - a potion of poison {unknown}
Comestibles
 b - 3 bread rations
 f - 5 meat rations
 w - a chunk of flesh


   Skills:
 + Level 3.2 Fighting
 + Level 2.8 Long Blades
 + Level 0.5 Throwing
 + Level 3.3 Armour
 + Level 2.1 Dodging
 + Level 0.6 Stealth
 + Level 3.5 Shields


You had 4 spell levels left.
You didn't know any spells.

Dungeon Overview and Level Annotations

Branches:
Dungeon (4/15)
 Temple: D:4-7

Annotations:
D:4 Natasha


Innate Abilities, Weirdness & Mutations

You have an increased reservoir of magic (+10% MP).
Your attributes are resistant to harm.


Message History

The worker ant is moderately wounded.
Natasha casts a spell.
The worker ant closely misses you.
You closely miss the worker ant.
The worker ant is moderately wounded.
The worker ant closely misses you.
The crimson imp lashes its tail.
The crimson imp hits you. You block the worker ant's attack.
You slash the worker ant!
The worker ant is almost dead.
The worker ant bites you.
You are poisoned.
The worker ant poisons you!
The crimson imp blinks!
The worker ant bites you.
* * * LOW HITPOINT WARNING * * *
You slash the worker ant!
You kill the worker ant!
You feel sick.
The crimson imp blinks!
Natasha claws you.
* * * LOW HITPOINT WARNING * * *
You completely miss Natasha.
You feel sick. Natasha claws you!
You die...

.###.#####
.....5oh.#
####.###@# #.####
#....# #..#.#
####...#
##.###.##
####...##.###.###
+.>..............
####.).##.###.###


You could see Natasha, a crimson imp and an orc.

Vanquished Creatures
  2 orc wizards (D:4)
  Crazy Yiuf (D:2)
  Terence (D:2)
  A worker ant (D:4)
  An adder (D:3)
  3 worms
  2 orcs (D:4)
  2 ball pythons (D:2)
  5 giant cockroaches
  4 hobgoblins
  2 jackals (D:2)
  6 bats
  5 giant geckos
  3 giant newts (D:2)
  9 goblins
  12 kobolds
  12 rats
71 creatures vanquished.

Notes
Turn   | Place    | Note
--------------------------------------------------------------
     0 | D:1      | Leibowitz the Demigod Fighter began the quest for the Orb.
     0 | D:1      | Reached XP level 1. HP: 18/18 MP: 3/3
   368 | D:1      | Reached XP level 2. HP: 20/25 MP: 4/4
   409 | D:1      | Reached skill level 3 in Fighting
  1064 | D:1      | Reached skill level 1 in Dodging
  1064 | D:1      | Reached XP level 3. HP: 31/31 MP: 5/5
  1463 | D:2      | Found a stormy altar of Qazlal.
  1709 | D:2      | Noticed Crazy Yiuf
  1714 | D:2      | Killed Crazy Yiuf
  1714 | D:2      | Reached XP level 4. HP: 38/38 MP: 6/6
  1880 | D:2      | Noticed Terence
  1898 | D:2      | Killed Terence
  2550 | D:4      | Reached XP level 5. HP: 43/45 MP: 7/7
  2563 | D:4      | Noticed Natasha
  2594 | D:4      | Slain by Natasha

Vault maps used:
D:1:      dpeg_arrival_water_temple_mockup
D:2:      lemuel_crystal_altar, first_bread, uniq_terence,
          uniq_crazy_yiuf_cottage
D:4:      uniq_edmund, uniq_natasha

Action                   |  1- 3 |  4- 6 || total
-------------------------+-------+-------++-------
Melee: Long sword        |   143 |    78 ||   221
Throw: Javelin           |       |     2 ||     2
  Use: Potion            |     1 |     2 ||     3
  Eat: Chunk             |     3 |     3 ||     6
